 Dungeon Crawl Stone Soup version 0.17-a0-719-g32c6a46 (webtiles) character file.

6801 TechCat the Fighter (level 11, -2/72 HPs)
             Began as a Gargoyle Fighter on Apr 20, 2015.
             Was a High Priest of Makhleb.
             Slain by an orc warrior
             ... wielding a +0 trident
              (11 damage)
             ... on level 10 of the Dungeon.
             The game lasted 01:32:07 (11506 turns).

TechCat the Fighter (Gargoyle Fighter)             Turns: 11506, Time: 01:32:07

Health: -2/72      AC: 24    Str: 22    XL:     11   Next: 5%
Magic:  14/14      EV:  6    Int: 10    God:    Makhleb [*****.]
Gold:   532        SH: 11    Dex: 14    Spells: 0 memorised, 10 levels left

rFire  . . .     SeeInvis +     o - +2 flail (freeze)
rCold  . . .     Clarity  .     g - +0 plate armour
rNeg   + . .     SustAb   .     c - +0 shield
rPois  ∞         Gourm    .     w - +2 helmet
rElec  +         Spirit   .     (no cloak)
rCorr  .         Warding  .     (no gloves)
rMut   .         Stasis   .     (no boots)
MR     .....                    T - amulet of regeneration
Stlth  ..........               q - +5 ring of dexterity
                                x - ring of see invisible

@: not resistant to hostile enchantments, extremely unstealthy
A: negative energy resistance 1, electricity resistance, unbreathing,
petrification resistance, rot immunity, AC +7
a: Minor Destruction, Lesser Servant of Makhleb, Major Destruction, Greater
Servant of Makhleb, Renounce Religion


You were on level 10 of the Dungeon.
You worshipped Makhleb.
Makhleb was extremely pleased with you.
You were not hungry.

You visited 2 branches of the dungeon, and saw 11 of its levels.

You collected 532 gold pieces.

Inventory:

Hand weapons
 o - a +2 flail of freezing (weapon)
 C - a +1 short sword of venom
 E - a +2 morningstar
 J - a +3 dagger of chaos
 Q - a +0 mace
Missiles
 a - 4 steel tomahawks (quivered)
Armour
 b - a +0 chain mail of cold resistance
 c - a +0 shield (worn)
 g - a +0 plate armour (worn)
 w - a +2 helmet (worn)
Jewellery
 e - an uncursed ring of magical power
 f - an uncursed ring of poison resistance
 q - a +5 ring of dexterity (right hand)
 x - a ring of see invisible (left hand)
 L - an uncursed ring of magical power
 T - an amulet of regeneration (around neck)
Magical devices
 j - a wand of invisibility (3)
 v - a wand of confusion (0)
 B - a wand of digging (19)
 I - a wand of digging (7)
Scrolls
 h - 3 scrolls of enchant armour
 i - 5 scrolls of remove curse
 k - a scroll of amnesia
 l - 2 scrolls of immolation
 r - 3 scrolls of blinking
 t - 2 scrolls of fog
 y - a scroll of recharging {unknown}
 H - 2 scrolls of magic mapping {unknown}
 N - 3 scrolls of random uselessness {unknown}
 P - a scroll of fear {unknown}
 R - a scroll of teleportation {unknown}
 U - a scroll of noise {unknown}
Potions
 n - a potion of poison
 s - a potion of magic
 A - a potion of curing
 F - 2 potions of invisibility {unknown}
 G - a potion of ambrosia {unknown}
 K - a potion of haste
 M - 2 potions of heal wounds {unknown}
 O - a potion of restore abilities {unknown}
 V - a potion of brilliance {unknown}
Books
 S - a book of Changes

   Spells                             Type                      Level
   a - Beastly Appendage              Transmutation                1
   b - Sticks to Snakes               Transmutation                2
   c - Spider Form                    Transmutation/Poison         3
   d - Ice Form                       Ice/Transmutation            4
   e - Blade Hands                    Transmutation                5
Comestibles
 d - 6 bread rations
 m - 2 slices of pizza
 p - 10 royal jellies
 u - 9 fruits
 z - 6 meat rations


   Skills:
 * Level 10.2 Fighting
 * Level 9.2 Maces & Flails
 + Level 7.9 Armour
 - Level 1.7 Dodging
 + Level 8.5 Shields
 + Level 4.1 Invocations


You had 10 spell levels left.
You didn't know any spells.

Dungeon Overview and Level Annotations

Branches:
Dungeon (10/15)            Temple (1/1) D:5            Lair (0/8) D:8
    Orc: D:9-12

Altars:
Cheibriados
Dithmenos
Fedhas
Gozag
Kikubaaqudgha
Makhleb
Nemelex Xobeh
Okawaru
Qazlal
Sif Muna
Vehumet
Xom
Yredelemnul
Zin
The Shining One

Shops:
D:6 *


Innate Abilities, Weirdness & Mutations

You are resistant to torment.
Your stone body is resilient (AC +7).
You are immune to poison.
You resist negative energy.
You are resistant to electric shocks.
You can survive without breathing.
You are immune to petrification.
You are immune to rotting.


Message History

The orc warrior is healed somewhat.
The orc warrior barely misses you. x2
There is an open door here.
The orc priest calls upon Beogh to heal the orc warrior.
The orc warrior is healed somewhat.
The orc priest invokes the aid of Beogh against you.
Something smites you!
* * * LOW HITPOINT WARNING * * *
The orc priest mumbles some strange prayers to Beogh against you.
Pain shoots through your body!
* * * LOW HITPOINT WARNING * * *
The orc warrior hits you with a hand axe.
* * * LOW HITPOINT WARNING * * *
The orc warrior hits you but does no damage.
The orc priest calls upon Beogh to heal the orc warrior.
The orc warrior is healed somewhat.
The orc shouts!
You block the orc warrior's attack.
The orc warrior hits you from afar with a trident!
You die...

.....# #.....ooo. .....#
#)#...#o.. #'#### #)# .## .....#
#.############ .....# ###
#......o#..... #....#
#.######....[..)..
#...############.....##....#.....
#...##.........#.....###'###.....
#...##..........@....'.o...#.....
#..............o#....#..o..+.....
'..............o#....#.....#.....
#...##....##..o##....#.....#.....
#...##..>.##(..##....##....#.....
#+####....'..........##....#o....
..........#................#.....
..........#................#.....
....##...###...##<.........#.....


You could see 2 orc warriors, an orc priest, an orc wizard and an orc.

Vanquished Creatures
  The ghost of panicbit the Blocker, an experienced MiFi of Okawaru (D:8)
  Psyche (D:8)
  A troll (D:8)
  4 yaks (D:10)
  A hippogriff (D:8)
  The ghost of ontamu the Ruffian, an average DrTm (D:3)
  4 orc warriors
  3 wolves (D:8)
  3 water moccasins
  Duvessa (D:5)
  6 ogres
  A sky beast (D:8)
  2 ice beasts
  The ghost of ontamu the Ruffian, an average DrTm (D:4)
  3 phantoms
  3 giant frogs
  4 centaurs
  Dowan (D:5)
  A scorpion (D:7)
  6 killer bees
  4 wights (D:8)
  4 crimson imps
  A giant frog zombie (D:7)
  3 orc wizards
  2 giant frog skeletons
  8 hounds
  4 jellies
  A centaur skeleton (D:9)
  5 orc priests
  Jessica (D:2)
  4 iguanas
  7 worker ants
  A hound skeleton (D:9)
  2 worker ant zombies (D:6)
  9 adders
  4 gnolls (D:3)
  2 shadow imps (D:5)
  7 oozes
  2 worms
  An adder skeleton (D:4)
  7 giant geckos
  30 orcs
  A ball python (D:2)
  A bat zombie (D:6)
  6 giant cockroaches
  21 hobgoblins
  5 jackals
  4 quokkas
  16 bats
  A giant gecko skeleton (D:8)
  7 giant newts
  11 goblins
  14 kobolds
  A quokka skeleton (D:5)
  8 rats
  2 ballistomycetes (D:10)
  A butterfly (D:5)
256 creatures vanquished.

Vanquished Creatures (others)
  A deep elf mage (D:10)
  An orc (D:10)
  A giant spore (D:10)
3 creatures vanquished.

Grand Total: 259 creatures vanquished

Notes
Turn   | Place    | Note
--------------------------------------------------------------
     0 | D:1      | TechCat, the Gargoyle Fighter, began the quest for the Orb.
     0 | D:1      | Reached XP level 1. HP: 14/14 MP: 1/1
   169 | D:1      | Reached XP level 2. HP: 19/19 MP: 2/2
   498 | D:1      | Reached XP level 3. HP: 23/23 MP: 3/3
  1053 | D:2      | Noticed Jessica
  1059 | D:2      | Killed Jessica
  1059 | D:2      | Reached skill level 4 in Shields
  1059 | D:2      | Reached XP level 4. HP: 27/29 MP: 4/4
  1534 | D:3      | Found a burning altar of Makhleb.
  1536 | D:3      | Noticed a blizzard demon
  1570 | D:3      | Reached XP level 5. HP: 12/33 MP: 5/5
  1841 | D:3      | Found a glowing silver altar of Zin.
  1841 | D:3      | Noticed an angel
  1847 | D:3      | Became a worshipper of Makhleb the Destroyer
  1956 | D:3      | Noticed ontamu's ghost (average DrTm)
  1975 | D:3      | Killed ontamu's ghost
  1975 | D:3      | Reached skill level 1 in Dodging
  1975 | D:3      | Reached XP level 6. HP: 24/39 MP: 6/6
  2676 | D:4      | Reached skill level 5 in Shields
  2851 | D:4      | Reached XP level 7. HP: 42/44 MP: 7/7
  2892 | D:4      | Acquired Makhleb's first power
  3187 | D:4      | Got a heavy robe
  3225 | D:4      | Noticed ontamu's ghost (average DrTm)
  3240 | D:4      | Killed ontamu's ghost
  3240 | D:4      | Reached skill level 5 in Fighting
  3240 | D:4      | Reached skill level 5 in Armour
  3523 | D:5      | Entered Level 5 of the Dungeon
  3523 | D:5      | Noticed Duvessa
  3523 | D:5      | Noticed Dowan
  3532 | D:5      | Killed Duvessa
  3564 | D:5      | Killed Dowan
  3564 | D:5      | Reached skill level 1 in Invocations
  3780 | D:5      | Reached XP level 8. HP: 25/50 MP: 7/9
  3969 | D:5      | Found a staircase to the Ecumenical Temple.
  4028 | Temple   | Entered the Ecumenical Temple
  4224 | D:5      | Found a sparkling altar of Nemelex Xobeh.
  4225 | D:5      | Found a radiant altar of Vehumet.
  4363 | D:5      | Reached skill level 6 in Shields
  4545 | D:5      | Found an opulent altar of Gozag.
  4723 | D:5      | Acquired Makhleb's second power
  4745 | D:5      | Reached skill level 5 in Maces & Flails
  5465 | D:6      | Found a snail-covered altar of Cheibriados.
  5653 | D:6      | Found Teisut's General Store.
  5821 | D:6      | Found a basalt altar of Yredelemnul.
  5918 | D:6      | Reached XP level 9. HP: 23/56 MP: 11/11
  6370 | D:6      | Reached skill level 7 in Fighting
  7002 | D:7      | Acquired Makhleb's third power
  7233 | D:7      | Found a shadowy altar of Dithmenos.
  8134 | D:8      | HP: 2/59 [kobold (2)]
  8186 | D:6      | Reached skill level 8 in Fighting
  8579 | D:8      | Reached XP level 10. HP: 26/65 MP: 12/12
  9046 | D:8      | Noticed panicbit's ghost (experienced MiFi)
  9105 | D:8      | Killed panicbit's ghost
  9105 | D:8      | Reached skill level 9 in Fighting
  9110 | D:8      | Acquired Makhleb's fourth power
  9200 | D:8      | Noticed Psyche
  9216 | D:8      | Killed Psyche
  9407 | D:8      | Found a staircase to the Lair.
 10465 | D:9      | Found an ancient bone altar of Kikubaaqudgha.
 10465 | D:9      | Found a stormy altar of Qazlal.
 10470 | D:9      | Acquired Makhleb's fifth power
 10733 | D:10     | Entered Level 10 of the Dungeon
 11210 | D:10     | Reached skill level 10 in Fighting
 11227 | D:10     | Reached XP level 11. HP: 72/72 MP: 14/14
 11506 | D:10     | Slain by an orc warrior

Action                   |  1- 3 |  4- 6 |  7- 9 | 10-12 || total
-------------------------+-------+-------+-------+-------++-------
Melee: Flail             |    99 |   149 |   745 |   396 ||  1389
  Use: Potion            |       |     1 |     9 |       ||    10
       Scroll            |       |       |     3 |     8 ||    11
  Eat: Chunk             |     1 |     5 |    14 |     6 ||    26
       Bread ration      |       |       |     2 |       ||     2
       Royal jelly       |       |       |       |     1 ||     1
